 Dungeon Crawl Stone Soup version 0.24-a0-447-ge8da9206dc (webtiles) character file.

Game seed: 5348999055604596557

1948 Krouwed the Covert (level 8, -7/55 HPs)
             Began as a Vampire Assassin on June 24, 2019.
             Was an Elder of Uskayaw.
             Mangled by an orc warrior
             ... wielding a +0 dire flail
              (11 damage)
             ... on level 7 of the Dungeon.
             The game lasted 00:11:00 (4730 turns).

Krouwed the Covert (Vampire Assassin)               Turns: 4730, Time: 00:11:01

Health: -7/55      AC:  5    Str: 12    XL:     8   Next: 98%
Magic:  4/8        EV: 15    Int: 20    God:    Uskayaw [****..]
Gold:   299        SH:  0    Dex: 15    Spells: 7/7 levels left

rFire    . . .     SeeInvis +   y - +1 short sword (drain)
rCold    . . .     Gourm    .   (no shield)
rNeg     . . .     Faith    +   A - +0 leather armour of the Old World {Slay+4}
rPois    .         Spirit   .   (no helmet)
rElec    .         Reflect  .   c - +1 cloak
rCorr    .         Harm     .   (no gloves)
MR       .....                  (no boots)
Stlth    ++++......             x - amulet of faith
HPRegen  0.38/turn              (no ring)
MPRegen  0.11/turn              k - +6 ring of intelligence

@: regenerating quickly
A: no food, fangs 3, see invisible, [frail 1], unbreathing
a: Exsanguinate, Stomp, Line Pass, Renounce Religion


You were on level 7 of the Dungeon.
You worshipped Uskayaw.
Uskayaw was noncommittal.
You were alive.

You visited 2 branches of the dungeon, and saw 8 of its levels.

You collected 299 gold pieces.

Inventory:

Hand Weapons
 y - a +1 short sword of draining (weapon)
Missiles
 d - 37 poisoned darts (quivered)
 e - 2 curare-tipped darts
 B - a throwing net
Armour
 c - a +1 cloak (worn)
 v - a +0 scale mail
 A - the +0 leather armour of the Old World (worn) {Slay+4}
   (You found it on level 4 of the Dungeon)

   It affects your accuracy and damage with ranged weapons and melee attacks
   (+4).
Jewellery
 k - a +6 ring of intelligence (right hand)
 x - an amulet of faith (around neck)
Scrolls
 b - a scroll of enchant weapon {unknown}
 i - a scroll of silence {unknown}
 j - 2 scrolls of teleportation
 l - 3 scrolls of fear
 m - a scroll of random uselessness {unknown}
 o - a scroll of remove curse
 p - 3 scrolls of enchant armour
 s - a scroll of amnesia {unknown}
 z - a scroll of magic mapping
 C - a scroll of immolation {unknown}
Potions
 a - 2 potions of magic
 f - 3 potions of curing
 g - a potion of resistance
 h - 2 potions of mutation
 n - 3 potions of berserk rage
 r - a potion of haste
 t - a potion of lignification
 u - 2 potions of agility
 w - a potion of degeneration


   Skills:
 + Level 5.0 Fighting
 + Level 6.0 Short Blades
 + Level 4.5 Throwing
 + Level 5.7 Dodging
 + Level 10.0 Stealth


You had 7 spell levels left.
You didn't know any spells.
Your spell library was empty.

Dungeon Overview and Level Annotations

Branches:
Dungeon (7/15)             Temple (1/1) D:6

Altars:
Ashenzari
Cheibriados
Dithmenos
Elyvilon
Fedhas
Gozag
Hepliaklqana
Kikubaaqudgha
Makhleb
Nemelex Xobeh
Okawaru
Qazlal
Ru
Sif Muna
Trog
Uskayaw
Vehumet
Wu Jian
Xom
Yredelemnul
Zin
The Shining One

Annotations:
D:6 2 transporters, hemabe's ghost, novice HuAr


Innate Abilities, Weirdness & Mutations

You do not eat.
Your natural rate of healing is unusually fast.
You have razor-sharp teeth.
You have supernaturally acute eyesight. (SInv)
You can survive without breathing.
[You are frail. (-10% HP)]


Message History

Items here: )) [[ † a +0 whip; a +0 leather armour; a +0 dagger; a +0 robe; an orc corpse
Aiming: Line Pass
Press: ? - help, Dir - move target cursor The orc warrior appears confused.
The orc warrior is no longer sharing its pain.
Found a ring mail.
You hit the orc warrior.
The orc warrior is lightly wounded.
The orc warrior hits you with a +0 dire flail!
* * * LOW HITPOINT WARNING * * *
You puncture the orc warrior! You drain the orc warrior.
The orc warrior is severely wounded.
The orc warrior seems less confused.
The orc warrior misses you.
Uskayaw will force your foes to share their pain.
You hit the orc warrior but do no damage.
You bite the orc warrior.
The orc warrior is severely wounded.
The orc warrior hits you with a +0 dire flail!
You die...

#.##.#
#.#..#
#.## #.#
#.# #.#
#)#
##.####..#
#.@o...[#
#..###.##
#..# #.<.
#.## #. #.
#.


You could see an orc warrior.

Vanquished Creatures
  A hungry ghost (D:5)
  Menkaure (D:6)
  An orc warrior (D:6)
  A black bear (D:6)
  A sky beast (D:6)
  4 ogres
  A centaur (D:6)
  Blork the orc (D:4)
  2 bullfrogs
  2 howler monkeys (D:4)
  2 centaur zombies
  2 crimson imps (D:5)
  2 orc priests
  3 hounds
  An iguana (D:7)
  An orc wizard (D:7)
  7 worker ants
  A hound zombie (D:6)
  4 gnolls (D:5)
  10 adders
  3 shadow imps
  An ooze (D:4)
  3 worms
  A dart slug (D:2)
  10 orcs
  4 giant cockroaches
  4 jackals
  5 kobolds
  3 quokkas
  11 bats
  3 frilled lizards
  5 goblins
  9 rats
110 creatures vanquished.

Notes
Turn   | Place    | Note
-------+----------+-------------------------------------------
     0 | D:1      | Krouwed the Vampire Assassin began the quest for the Orb.
     0 | D:1      | Reached XP level 1. HP: 16/16 MP: 1/1
   217 | D:1      | Reached skill level 6 in Stealth
   278 | D:1      | Reached XP level 2. HP: 18/22 MP: 2/2
   752 | D:2      | Reached XP level 3. HP: 27/27 MP: 3/3
  1357 | D:2      | Reached XP level 4. HP: 32/34 MP: 4/4
  1722 | D:3      | Found a snail-covered altar of Cheibriados.
  2054 | D:4      | Reached XP level 5. HP: 39/39 MP: 5/5
  2111 | D:4      | Reached skill level 7 in Stealth
  2230 | D:4      | Got an encrusted leather armour
  2242 | D:4      | Identified the +0 leather armour of the Old World {Slay+4}
                  | (You found it on level 4 of the Dungeon)
  2290 | D:4      | Reached XP level 6. HP: 47/47 MP: 6/6
  2475 | D:4      | Noticed Blork the orc
  2483 | D:4      | Killed Blork the orc
  2600 | D:5      | Entered Level 5 of the Dungeon
  2620 | D:5      | Reached XP level 7. HP: 52/52 MP: 7/7
  2630 | D:5      | Reached skill level 8 in Stealth
  2803 | D:5      | Noticed a hungry ghost
  2825 | D:5      | Killed a hungry ghost
  3303 | D:5      | Reached skill level 5 in Short Blades
  3303 | D:5      | Reached XP level 8. HP: 60/60 MP: 8/8
  3357 | D:6      | Reached skill level 9 in Stealth
  3368 | D:6      | Found a transporter.
  3372 | D:6      | Noticed hemabe's ghost (novice HuAr)
  3404 | D:6      | Found a transporter.
  3655 | D:6      | Found a staircase to the Ecumenical Temple.
  3673 | Temple   | Entered the Ecumenical Temple
  3773 | Temple   | Became a worshipper of Uskayaw the Reveler
  3980 | D:6      | Reached * piety under Uskayaw
  3982 | D:6      | Reached ** piety under Uskayaw
  3984 | D:6      | Reached skill level 5 in Dodging
  3986 | D:6      | Noticed Menkaure
  4025 | D:6      | Killed Menkaure
  4157 | D:6      | Reached *** piety under Uskayaw
  4577 | D:7      | Reached **** piety under Uskayaw
  4691 | D:7      | Reached skill level 5 in Fighting
  4691 | D:7      | Reached skill level 10 in Stealth
  4730 | D:7      | Mangled by an orc warrior

Levels and vault maps discovered:
D:1:      psy_arrival_fountain, layout_loops_ring
D:2:      layout_loops_ring
D:3:      layout_basic, cheibriados_altar_1
D:4:      minmay_spotlight, layout_gridville, first_ration, uniq_blork_the_orc
D:5:      layout_loops_ring
D:6:      layout_basic, minmay_temple_entry_stoned_glass,
          gammafunk_ghost_stat_death, uniq_menkaure
D:7:      layout_loops_ring, grunt_ogre_cave
Temple:   kilobyte_greek_temple

Skill      XL: |  1  2  3  4  5  6  7  8 |
---------------+-------------------------+-----
Stealth        | 6 7 8 10 | 10.0
Fighting       | 2 3 4 5 |  5.0
Throwing       | 2 3 4 |  4.5
Dodging        | 2 3 4 5 |  5.7
Short Blades   | 3 4 5 6 |  6.0

Action                   |  1- 3 |  4- 6 |  7- 9 || total
-------------------------+-------+-------+-------++-------
Melee: Dagger            |   118 |    47 |       ||   165
       Bite              |     9 |    17 |    19 ||    45
       Short sword       |       |   110 |   170 ||   280
Invok: Line Pass         |       |       |     1 ||     1
 Abil: Exsanguinate      |       |       |     1 ||     1
       Revivify          |       |       |     1 ||     1
  Use: Scroll            |     5 |     1 |    11 ||    17
 Stab: Sleeping          |    11 |     5 |     8 ||    24
       Paralysed         |       |       |     3 ||     3
       Distracted        |       |       |     1 ||     1
Armor: Robe              |    32 |       |       ||    32
       Ring mail         |       |    42 |       ||    42
       Leather armour    |       |     8 |    29 ||    37
Dodge: Dodged            |    87 |    81 |    99 ||   267

Table legend:
 A = Non-vault XP
 B = Vault XP
 C = Vault XP percentage of total XP
 D = Non-vault monster count
 E = Vault monster count
 F = Vault count percentage of total count
                 A         B        C        D         E       F
            +---------+---------+-------+---------+---------+-------
      Total |    2309 |     475 |  17.1 |     102 |       8 |   7.3
            +---------+---------+-------+---------+---------+-------
        D:1 |      19 |       0 |   0.0 |      12 |       0 |   0.0
        D:2 |      86 |       0 |   0.0 |      21 |       0 |   0.0
        D:3 |      65 |       0 |   0.0 |      20 |       0 |   0.0
        D:4 |     296 |     188 |  38.8 |      12 |       6 |  33.3
        D:5 |     836 |       0 |   0.0 |      19 |       0 |   0.0
        D:6 |     680 |     165 |  19.5 |      11 |       1 |   8.3
        D:7 |     327 |     122 |  27.2 |       7 |       1 |  12.5
            +---------+---------+-------+---------+---------+-------
